AoeStats
← miguelon01

Arena

508438688Analyzed
4v4 RM · 10d ago on Sep 22, 2026· 49m 23s· 8 players
Game mode
Random Map
Map size
Large (8 player)
Population
200
Speed
Normal
Resources
Standard
Victory
Conquest
Starting age
Dark Age
Ending age
Imperial Age
RankedLock teamsTeams togetherTeam positionsShared explorationLock speedFull tech treeHidden civsTurbo modeCheats
Victory
Defeat
🇹🇼 Japanese · Taiwan
1244
+15
🇧🇷 Malay · Brazil
1185
+17
🇭🇰 Wei · Hong Kong SAR China
1174
+18
🇮🇹 Cumans · Italy
1163
+18
🇳🇨 Burgundians · New Caledonia
1273
-19
🇨🇳 Franks · China
1229
-18
🇩🇪 Teutons · Germany
1213
-17
🇳🇨 Khmer · New Caledonia
1148
-14
Boy oh boy
4:30 Double-Bit Axe
10:26 Feudal Age
12:39 Loom
15:16 Castle Age
13:41 Bow Saw
13:27 Horse Collar
14:27 Heavy Plow
18:59 Wheelbarrow
23:18 Gold Mining
4♚Dreams
13:50 Feudal Age
14:46 Double-Bit Axe
17:55 Castle Age
15:55 Horse Collar
22:36 Wheelbarrow
23:52 Scale Mail Armor
24:54 Forging
24:28 Pikeman
25:16 Loom
25:36 Squires
27:12 Iron Casting
27:53 Hand Cart
29:54 Chain Mail Armor
29:42 Heavy Plow
30:56 Town Watch
32:06 Gold Mining
32:36 Bow Saw
34:11 Stone Mining
34:23 Town Patrol
37:23 Imperial Age
37:14 Ironclad
38:39 Conscription
38:09 Heavy Scorpion
39:29 Plate Mail Armor
39:59 Blast Furnace
40:05 Chemistry
39:32 Ballistics
Chill Trip
7:02 Loom
9:53 Feudal Age
10:26 Double-Bit Axe
10:27 Horse Collar
19:30 Castle Age
18:53 Bloodlines
19:00 Scale Barding Armor
19:12 Forging
21:05 Bow Saw
20:57 Heavy Plow
28:53 Chain Barding Armor
29:14 Iron Casting
33:46 Imperial Age
31:26 Gold Mining
31:33 Stone Mining
cottage
10:26 Feudal Age
14:04 Castle Age
20:42 Wheelbarrow
20:40 Double-Bit Axe
23:10 Gold Mining
23:14 Loom
23:47 Bow Saw
24:29 Hand Cart
28:10 Imperial Age
26:03 Scale Barding Armor
27:33 Forging
27:52 Chain Barding Armor
29:34 Iron Casting
29:07 Husbandry
29:42 Conscription
30:08 Plate Barding Armor
28:57 Cavalier
30:23 Gold Shaft Mining
31:59 Blast Furnace
31:40 Chivalry
32:53 Paladin
33:44 Town Watch
Tikka Masala
9:29 Feudal Age
10:52 Double-Bit Axe
13:10 Horse Collar
19:54 Castle Age
18:24 Loom
19:15 Wheelbarrow
20:34 Scale Barding Armor
20:41 Capped Ram
23:24 Bloodlines
23:36 Chain Barding Armor
31:31 Bow Saw
33:33 Pikeman
34:13 Squires
34:31 Arson
37:45 Imperial Age
38:01 Forging
37:51 Scale Mail Armor
37:59 Fletching
39:35 Halberdier
43:08 Conscription
46:14 Hand Cart
開機中
11:48 Feudal Age
16:03 Castle Age
13:57 Double-Bit Axe
14:29 Horse Collar
17:29 Bow Saw
18:16 Heavy Plow
21:56 Wheelbarrow
22:33 Gold Mining
23:40 Hand Cart
25:22 Stone Mining
28:57 Gold Shaft Mining
28:30 Loom
31:39 Imperial Age
29:24 Forging
29:14 Scale Mail Armor
29:48 Yasama
30:01 Squires
29:46 Arson
29:22 Pikeman
31:07 Iron Casting
31:11 Ballistics
30:42 Guard Tower
30:33 Treadmill Crane
31:49 Chain Mail Armor
31:57 Fletching
32:07 Padded Archer Armor
31:54 Elite Samurai
32:56 Conscription
33:54 Blast Furnace
32:36 Halberdier
33:50 Plate Mail Armor
34:09 Keep
35:08 Chemistry
35:02 Kataparuto
34:46 Murder Holes
36:49 Bodkin Arrow
36:43 Arrowslits
48:19 Bracer
48:39 Masonry
48:35 Siege Engineers
Aker Starlight
7:26 Loom
10:10 Feudal Age
10:40 Double-Bit Axe
10:37 Horse Collar
16:27 Castle Age
14:33 Stone Mining
15:01 Gold Mining
16:45 Wheelbarrow
17:45 Bow Saw
19:07 Bloodlines
19:22 Heavy Plow
21:40 Fervor
24:50 Hand Cart
25:11 Fletching
27:52 Bodkin Arrow
31:51 Imperial Age
30:52 Forging
30:48 Scale Barding Armor
30:33 Town Watch
31:58 Gold Shaft Mining
32:02 Stone Shaft Mining
32:34 Ballistics
32:54 Iron Casting
32:39 Chain Barding Armor
33:35 Chain Barding Armor
34:03 Bracer
34:57 Parthian Tactics
34:38 Thumb Ring
36:40 Chemistry
36:45 Blast Furnace
36:42 Padded Archer Armor
37:44 Ming Guang Armor
37:47 Elite Tiger Cavalry
41:08 Husbandry
42:38 Masonry
42:47 Fortified Wall
44:40 Hoardings
44:07 Tuntian
44:54 Conscription
45:39 Leather Archer Armor
miguelon01
10:11 Feudal Age
10:26 Feudal Age
17:19 Castle Age
15:34 Double-Bit Axe
17:13 Loom
17:58 Horse Collar
27:49 Wheelbarrow
31:09 Forging
31:33 Gold Mining
33:50 Iron Casting
36:09 Bow Saw
43:32 Imperial Age
42:45 Gold Shaft Mining
43:31 Pikeman
44:12 Squires
45:29 Blast Furnace
44:24 Halberdier
44:50 Arson
46:09 Gold Shaft Mining
45:51 Fletching
Connection lost

Rejoining the realm…

Still unreachable

The connection could not be restored.

Session expired

The server has moved on; the page needs a fresh start.